 Dungeon Crawl Stone Soup version 0.32-a0-132-g2d33c3cfaf (webtiles) character file.

Game seed: 11417110572497233183

170 zeratav the Sneak (level 5, -1/37 HPs)
             Began as an Octopode Shapeshifter on Feb 9, 2024.
             Slain by an adder (2 damage)
             ... on level 3 of the Dungeon.
             The game lasted 00:01:58 (1620 turns).

zeratav the Sneak (Octopode Shapeshifter)           Turns: 1620, Time: 00:01:59

Health: -1/37      AC:  1    Str: 15    XL:     5   Next: 50%
Magic:  5/5        EV: 13    Int: 13    God:
Gold:   120        SH:  0    Dex: 11    Spells: 4/4 levels left

rFire   . .          .
                       - Unarmed
rCold   . . .        (no shield)
rNeg    . . .        (helmet currently unavailable)
rPois   .            (no amulet)
rElec   .            (no ring)
rCorr   .            (no ring)
SInv    .            (no ring)
Will    .....        (no ring)
Stlth   ++++         (no ring)
HPRegen 0.26/turn    (no ring)
MPRegen 0.09/turn    (no ring)
                     (no ring)

%: no passive effects
@: mighty, lethally poisoned (-1 -> -5), beast-form
A: beast (slay +1), almost no armour, amphibious, 8 rings, camouflage 1,
gelatinous body 1, (nimble swimmer 1), tentacles
a: Begin Untransformation


You were on level 3 of the Dungeon.
You were a hulking beast.
You visited 1 branch of the dungeon, and saw 3 of its levels.

You collected 120 gold pieces.


Innate Abilities, Weirdness & Mutations

You are a hulking beast.
Your limbs bulge with bestial killing power. (Slay +1)
You cannot wear most types of armour.
You are amphibious.
You can wear up to eight rings at the same time.
Your skin changes colour to match your surroundings (Stealth+).
Your rubbery body absorbs attacks. (AC +1, EV +1)
((You are camouflaged when in or above water. (Stealth+)))
You have tentacles for arms and can constrict up to eight enemies at once.


   Skills:
 + Level 3.7 Fighting
 - Level 2.0 Dodging
 - Level 5.0 Stealth
 - Level 3.0 Unarmed Combat
 - Level 3.0 Shapeshifting


You had 4 spell levels left.
You didn't know any spells.
Your spell library was empty.

Inventory:

Talismans
 b - a beast talisman
 c - a flux talisman
Scrolls
 e - 6 scrolls of identify {unknown}
 g - a scroll of immolation {unknown}
 i - a scroll of noise {unknown}
 j - a scroll of teleportation {unknown}
 l - a scroll of enchant weapon {unknown}
 n - 2 scrolls of amnesia {unknown}
 o - a scroll of blinking {unknown}
Potions
 a - a potion of lignification {!q}
 d - a potion of heal wounds {unknown}
 f - a potion of brilliance {unknown}
 k - a potion of enlightenment {unknown}
 m - a potion of curing {unknown}

Dungeon Overview and Level Annotations

Branches:
Dungeon (3/15) Zot: 16386

Altars:

Annotations:
D:3 Grinder, Sigmund

####.#####..........
##.?.....###...######
$........# ##.##
#.......####.######
###...............>.#
..........####.####.#
#g......# #.#
.####..S....# #.#
......)h..### #.#
########.)# #ß. ....#
#.. #....# #.. ##...#
##... ....! #...#


You could see a gnoll and an adder.


Message History

Your grab misses the gnoll. Your squeeze misses the gnoll.
The gnoll barely misses you.
HP[+1]
You completely miss the gnoll. You grab the gnoll. You squeeze the gnoll!
You kill the gnoll!
The gnoll shouts!
You tentacle-slap the gnoll but do no damage.
Your grab misses the gnoll.
You squeeze the gnoll, but do no damage.
You hear an angry hiss.
The gnoll barely misses you.
You tentacle-slap the gnoll but do no damage.
You grab the gnoll. You constrict the gnoll. The gnoll closely misses you.
You tentacle-slap the gnoll. x2; You constrict the gnoll.
The gnoll completely misses you. The gnoll closely misses you.
HP[+1]
You tentacle-slap the gnoll but do no damage.
You constrict the gnoll, but do no damage.
An adder comes into view.
The gnoll hits you from afar with a +0 spear.
The gnoll hits you with a +0 club.
HP[-7]
You take 7 damage, and now have 28/36 hp.
The adder hisses angrily.
You tentacle-slap the gnoll but do no damage.
You constrict the gnoll, but do no damage.
You tentacle-slap the gnoll.
You squeeze the gnoll, but do no damage.
You constrict the gnoll, but do no damage.
The gnoll hits you with a +0 club. The gnoll closely misses you.
HP[-1]
You take 1 damage, and now have 27/36 hp.
There are monsters nearby!
You tentacle-slap the gnoll but do no damage.
You constrict the gnoll. The gnoll hits you with a +0 club.
The gnoll misses you.
HP[-4]
You take 4 damage, and now have 23/36 hp.
You tentacle-slap the gnoll.
You kill the gnoll!
The gnoll misses you.
HP[+1]
You now have 37 max hp (+1).
You tentacle-slap the adder. Your grab misses the adder.
The gnoll hits you from afar with a +0 spear!
* * * LOW HITPOINT WARNING * * *
The adder closely misses you.
You are too injured to fight recklessly!
HP[-8]
You take 8 damage, and now have 16/37 hp.
MASSIVE DAMAGE!! (PAUSE)
You are too injured to fight recklessly!
You are too injured to fight recklessly!
You are too injured to fight recklessly!
You are too injured to fight recklessly!
You are too injured to fight recklessly!
You are too injured to fight recklessly!
You are too injured to fight recklessly!
You are too injured to fight recklessly!
You are too injured to fight recklessly!
You are too injured to fight recklessly!
You are too injured to fight recklessly!
You are too injured to fight recklessly!
You are too injured to fight recklessly!
You closely miss the adder. Your grab misses the adder. The adder bites you.
* * * LOW HITPOINT WARNING * * *
The gnoll closely misses you.
HP[-1]
You take 1 damage, and now have 15/37 hp.
You closely miss the adder. Your grab misses the adder.
Your squeeze misses the adder. The adder barely misses you.
The gnoll closely misses you. The adder barely misses you.
You barely miss the adder. Your grab misses the adder.
Your squeeze misses the adder.
The gnoll hits you from afar with a +0 spear.
* * * LOW HITPOINT WARNING * * *
The adder bites you.
* * * LOW HITPOINT WARNING * * *
You are poisoned.
The adder poisons you!
HP[-7]
You take 7 damage, and now have 8/37 hp.
You barely miss the adder. Your grab misses the adder.
Your tentacle-slap misses the adder.
You feel sick. The gnoll completely misses you. The adder bites you.
* * * LOW HITPOINT WARNING * * *
HP[-2]
You take 2 damage, and now have 6/37 hp.
You barely miss the adder. Your grab misses the adder. You squeeze the adder.
You feel sick. The adder bites you.
* * * LOW HITPOINT WARNING * * *
You are lethally poisoned!
The adder poisons you! The gnoll closely misses you.
HP[-3]
You take 3 damage, and now have 3/37 hp.
It was a potion of might.
You feel very mighty all of a sudden.
* * * LOW HITPOINT WARNING * * *
You feel sick. The adder bites you.
You die...

Skill      XL: |  1  2  3  4  5 |
---------------+----------------+-----
Stealth        | 2 3 5 |  5.0
Fighting       | 2 3 |  3.7
Dodging        | |  2.0
Unarmed Combat | |  3.0
Shapeshifting  | |  3.0

Action                     |  1- 3 |  4- 6 || total
---------------------------+-------+-------++-------
  Melee: Unarmed           |    77 |    46 ||   123
         Constrict         |    15 |     9 ||    24
         Tentacles         |    10 |    10 ||    20
         Punch             |     3 |     3 ||     6
    Use: Potion            |       |     1 ||     1
   Stab: Sleeping          |    16 |     1 ||    17
 Armour: Skin              |    19 |    22 ||    41
  Dodge: Dodged            |    35 |    29 ||    64

Levels and vault maps discovered:
D:1:      wander_arrival_abandoned_jail, layout_basic, minmay_hexomino_u4
D:2:      layout_basic, nicolae_kite_square_tiling_tiny
D:3:      layout_loops_ring, fedhas_ov_isle_minmay, serial_shops, shop,
          ebering_ecumenical_altar_ruins, uniq_grinder, uniq_sigmund

Notes
Turn   | Place    | Note
-------+----------+-------------------------------------------
     0 | D:1      | zeratav the Octopode Shapeshifter began the quest for the
                  | Orb.
     0 | D:1      | Reached XP level 1. HP: 13/13 MP: 1/1
     0 | D:1      | magus.rc [v1.9.6]
    34 | D:1      | Reached skill level 1 in Stealth
    43 | D:1      | Reached skill level 2 in Stealth
    96 | D:1      | Reached XP level 2. HP: 18/18 MP: 2/2
   199 | D:1      | Reached skill level 3 in Stealth
   418 | D:1      | Reached XP level 3. HP: 20/23 MP: 3/3
   622 | D:2      | Reached skill level 4 in Stealth
   998 | D:2      | Reached skill level 5 in Stealth
  1313 | D:3      | Reached XP level 4. HP: 28/28 MP: 4/4
  1349 | D:3      | Noticed Sigmund
  1404 | D:3      | Noticed Grinder
  1424 | D:3      | Reached skill level 2 in Fighting
  1436 | D:3      | Reached XP level 5. HP: 15/36 MP: 5/5
  1443 | D:3      | HP: 7/36 [hound (5)]
  1443 | D:3      | HP: 1/36 [hound (6)]
  1445 | D:3      | Reached skill level 3 in Fighting
  1601 | D:3      | Identified the +4 leather armour "Raurufoz" {rN+ Str+3
                  | Int-3}
  1617 | D:3      | HP: 8/37 [adder (2)]
  1619 | D:3      | HP: 3/37 [adder (2)]
  1620 | D:3      | HP: 1/37 [poisoned by an adder]
  1620 | D:3      | Slain by an adder

Vanquished Creatures
  A hound (D:3)
  An orc priest (D:3)
  An orc wizard (D:3)
  2 adders
  2 gnolls (D:3)
  A dart slug (D:1)
  3 orcs (D:3)
  9 endoplasms
  2 giant cockroaches
  3 hobgoblins
  5 kobolds
  3 quokkas
  3 ball pythons
  7 bats
  6 frilled lizards
  4 goblins
  5 rats
58 creatures vanquished.

Table legend:
 A = Non-vault XP
 B = Vault XP
 C = Vault XP percentage of total XP
 D = Non-vault monster count
 E = Vault monster count
 F = Vault count percentage of total count
                 A         B        C        D         E       F
            +---------+---------+-------+---------+---------+-------
      Total |     238 |       5 |   2.1 |      55 |       3 |   5.2
            +---------+---------+-------+---------+---------+-------
        D:1 |      30 |       5 |  14.3 |      17 |       3 |  15.0
        D:2 |      46 |       0 |   0.0 |      22 |       0 |   0.0
        D:3 |     162 |       0 |   0.0 |      16 |       0 |   0.0
            +---------+---------+-------+---------+---------+-------

Skill      XL: |  1  2  3  4  5 |
---------------+----------------+-----
Stealth        | 2 3 5 |  5.0
Fighting       | 2 3 |  3.7
Dodging        | |  2.0
Unarmed Combat | |  3.0
Shapeshifting  | |  3.0

Action                     |  1- 3 |  4- 6 || total
---------------------------+-------+-------++-------
  Melee: Unarmed           |    77 |    46 ||   123
         Constrict         |    15 |     9 ||    24
         Tentacles         |    10 |    10 ||    20
         Punch             |     3 |     3 ||     6
    Use: Potion            |       |     1 ||     1
   Stab: Sleeping          |    16 |     1 ||    17
 Armour: Skin              |    19 |    22 ||    41
  Dodge: Dodged            |    35 |    29 ||    64

Illustrated notes

Table legend:
 A = Kills in this place as a percentage of kills in the entire game.
 B = Kills by you in this place as a percentage of kills by you in the entire game.
 C = Kills by friends in this place as a percentage of kills by friends in the entire game.
 D = Other kills in this place as a percentage of other kills in the entire game.
 E = Experience gained in this place as a percentage of experience gained in the entire game.
 F = Experience gained in this place divided by the number of levels of this place that you have seen.
                   A       B       C       D       E      F
               +-------+-------+-------+-------+-------+----------------------
         Total | 100.0 | 100.0 |   N/A |   N/A | 100.0 |  81.0
       Dungeon | 100.0 | 100.0 |   N/A |   N/A | 100.0 |  81.0
               +-------+-------+-------+-------+-------+----------------------

Table legend: (Time is in decaauts)
 A = Elapsed time spent in this place.
 B = Non-inter-level travel time spent in this place.
 C = Inter-level travel time spent in this place.
 D = Time resting spent in this place.
 E = Time spent auto-exploring this place.
 F = Levels seen in this place.
 G = Mean time per level.
                   A        B        C        D        E       F      G
               +--------+--------+--------+--------+--------+-----+--------+
         Total |   1612 |   1594 |     18 |    132 |   1143 |   3 |  537.3 |
       Dungeon |   1612 |   1594 |     18 |    132 |   1143 |   3 |  537.3 |
               +--------+--------+--------+--------+--------+-----+--------+

Top non-repeatable levels by time:
     D:2: 762 daAuts
     D:1: 527 daAuts
     D:3: 322 daAuts
